cohdb
Replays
Latest Replays
All Replays
Popular Replays
Top Player Replays
Match Explorer
How It Works
Community
CoH3 Stats
Reddit
Sign in to upload your games and track your stats! →
Sign in with Steam
Match 39124428
Unlisted
Match 39124428
Overview
Messages
Build Orders
End
Panzergrenadier Squad
Panzergrenadier Squad
Selects Armored Support Battlegroup
250 Light Carrier
Construct Light Support Kompanie
Selects Superior Fire Drills
MG34 Team
Fire Support Elements
Pak 38 Mechanized Group
2.5-tonne Medical Truck
Construct Panzerarmee Kommand
Walking Stuka Rocket Launcher
Selects Salvage Kits
Walking Stuka Rocket Launcher
Pak 38 Mechanized Group
Armored Reserves
Nuclear Viking
Generalfeldmarschall
DooWop
Stug Life
류토
쏘우세지
돔황챠
Binkie9
0
0
Comments
sign in to comment!
No comments posted yet!